Map: Crimson Court LE

Players

ForJumyyyy (ForJumy)

  • Race: Protoss Protoss
  • League: Master
  • Spawn Location: 1:00

Harstem - Winner!

  • Race: Protoss Protoss
  • League: Master
  • Spawn Location: 7:00

Event: HomeStory Cup XXV

VOD

Have the link to the VOD?

Description

Time

  • Played on: June 22, 2024, 6:17 a.m.
  • Length: 8:12

All games in this series

Show
View Real Time Build Order
Export as new Build Order

ForJumyyyy Protoss 

Build Orders:  

Get SALT Encoding   

  12  0:00  Probe  
  13  0:12  Probe  
  14  0:16  Pylon  
  14  0:24  Probe  
  15  0:34  Gateway  
  15  0:38  Probe (Chrono Boost)  
  16  0:47  Assimilator, Probe (Chrono Boost)  
  17  0:52  Probe (Chrono Boost)  
  17  0:56  Assimilator  
  18  1:04  Probe (Chrono Boost)  
  18  1:08  Gateway  
  19  1:16  Probe (Chrono Boost)  
  20  1:24  Cybernetics Core  
  20  1:26  Probe (Chrono Boost)  
  21  1:33  Probe  
  21  1:38  Pylon  
  22  1:45  Probe  
  23  1:57  Probe  
  23  2:00  Warp Gate (Chrono Boost)  
  24  2:02  Stalker x2  
  28  2:09  Probe  
  28  2:13  Pylon  
  29  2:21  Probe  
  30  2:35  Sentry x2  
  30  2:37  Probe  
  35  2:52  Robotics Facility  
  35  3:00  Nexus  
  35  3:10  Adept  
  35  3:12  Adept  
  39  3:17  Pylon  
  37  3:20  Probe  
  38  3:31  Stalker x2  
  38  3:37  Warp Prism (Chrono Boost)  
  40  3:50  Stalker x2  
  43  4:06  Gateway  
  43  4:15  Immortal (Chrono Boost)  
  43  4:22  Sentry x2  
  51  4:33  Gateway  
  51  4:41  Probe x2  
  53  4:48  Sentry  
  53  4:49  Adept  
  57  4:53  Probe x2  
  57  5:05  Pylon  
  57  5:06  Stalker  
  54  5:23  Adept x2  
  58  5:28  Probe  
  58  5:29  Probe  
  56  5:43  Stalker x2  
  56  5:46  Stalker  
  60  5:56  Zealot  
  52  6:00  Probe (Chrono Boost)  
  52  6:02  Probe (Chrono Boost)  
  51  6:11  Immortal  
  51  6:12  Probe (Chrono Boost)  
  51  6:17  Probe (Chrono Boost)  
  52  6:19  Probe (Chrono Boost)  
  52  6:20  Shield Battery  
  52  6:22  Sentry  
  52  6:23  Sentry  
  58  6:25  Probe  
  58  6:29  Probe  
  59  6:37  Probe  
  60  6:41  Probe  
  59  6:49  Probe  
  59  6:51  Stalker x2  
  59  6:53  Probe  
  53  6:59  Immortal (Chrono Boost)  
  47  7:02  Probe  
  47  7:05  Probe  
  51  7:09  Stalker  
  51  7:14  Zealot  
  53  7:24  Probe  
  53  7:27  Twilight Council  
  54  7:34  Zealot x4  
  54  7:36  Assimilator  
  62  7:39  Pylon  
  62  7:42  Pylon  
  63  8:04  Sentry  
  63  8:05  Zealot x3  
  63  8:07  Pylon  
Show
View Real Time Build Order
Export as new Build Order

Harstem Protoss - Winner!

Build Orders: Phoenix Opening 

Get SALT Encoding   

  12  0:00  Probe  
  13  0:12  Probe  
  14  0:17  Pylon  
  14  0:24  Probe  
  15  0:36  Gateway, Probe (Chrono Boost)  
  16  0:47  Assimilator, Probe (Chrono Boost)  
  17  0:52  Probe (Chrono Boost)  
  17  0:54  Assimilator  
  18  1:03  Probe (Chrono Boost)  
  19  1:06  Gateway  
  19  1:12  Probe (Chrono Boost)  
  19  1:17  Probe (Chrono Boost)  
  20  1:23  Cybernetics Core  
  21  1:29  Probe  
  22  1:33  Pylon  
  22  1:41  Probe  
  23  1:53  Probe  
  24  1:56  Warp Gate (Chrono Boost)  
  24  1:59  Sentry  
  26  2:01  Stalker  
  26  2:05  Probe  
  26  2:06  Pylon  
  29  2:22  Sentry  
  31  2:30  Phoenix  
  31  2:33  Nexus  
  31  2:36  Probe  
  32  2:39  Sentry  
  34  2:50  Probe  
  35  2:52  Pylon  
  35  3:00  Robotics Facility  
  35  3:04  Probe  
  36  3:16  Probe  
  37  3:28  Probe  
  38  3:38  Stalker x2  
  38  3:40  Probe  
  43  3:43  Warp Prism (Chrono Boost), Pylon  
  45  3:49  Probe  
  45  3:52  Probe  
  47  4:00  Phoenix  
  47  4:01  Probe  
  48  4:04  Probe  
  49  4:10  Sentry  
  49  4:13  Shield Battery, Adept  
  49  4:16  Immortal (Chrono Boost)  
  54  4:17  Probe  
  54  4:20  Probe  
  59  4:29  Probe  
  60  4:32  Probe  
  60  4:33  Pylon  
  60  4:36  Twilight Council  
  60  4:38  Adept  
  63  4:45  Probe  
  64  4:46  Probe  
  64  4:48  Assimilator  
  64  4:49  Assimilator  
  65  4:54  Immortal (Chrono Boost)  
  69  5:00  Sentry  
  69  5:02  Shield Battery  
  71  5:10  Shield Battery  
  71  5:14  Pylon  
  71  5:16  Stalker  
  71  5:19  Probe  
  70  5:24  Adept  
  70  5:26  Immortal (Chrono Boost)  
  71  5:30  Probe  
  70  6:05  Probe x2  
  70  6:07  Pylon  
  70  6:12  Pylon  
  70  6:21  Gateway  
  70  6:22  Immortal (Chrono Boost)  
  70  6:25  Pylon, Probe  
  75  6:28  Pylon  
  75  6:34  Stalker  
  75  6:38  Stalker  
  77  6:48  Probe  
  77  6:50  Probe  
  77  6:53  Immortal (Chrono Boost)  
  82  7:02  Stalker x2  
  82  7:07  Gateway  
  85  7:24  Stalker  
  85  7:25  Nexus  
  85  7:26  Observer (Chrono Boost)  
  85  7:27  Pylon  
  85  7:29  Stalker x2  
  92  7:32  Pylon  
  92  7:38  Probe  
  92  7:41  Forge  
  93  7:48  Probe  
  93  7:49  Pylon  
  94  7:54  Pylon  
  94  7:56  Stalker x2  
  98  8:03  Stalker x2  
Tags
 
Add a new tag
Caveats
  • Supply blocks, unpowered buildings, or Contaminate may cause inaccurate times.
  • Supply counts are checked every 10 seconds.